Unix NetHack Version 5.0.0-0 post-release - last build Jul 19 2026 19:10:59 (3aa4ab31751d3886436d94b585a96704892fd477,branch:main).

Game began 2026-07-23 01:16:29, ended 2026-07-23 01:20:41.

Jinnora, neutral female human Tourist

         ---        ---
          .-       -..|
          .        ...-
          .      ......
         |.-    .....-
      ---|.|   ......|
      |..|.--.......-
      |............--
       -..@d%.%.G...-
       --..G.......`
        |.............-
        |...............|
        ---................
           ................-
           ................|
           ........|.....---
           .--.--.--- |.--
           -- -- --    --
Jinnora the Rambler         St:7 Dx:11 Co:18 In:14 Wi:8 Ch:17  Neutral
Dlvl:3  $:266 HP:0(10) Pw:2(2) AC:10 Xp:1/13 T:980  Burdened

Latest messages:
 The goblin hits!
 The little dog bites the goblin.
 The goblin is killed!
 Your little dog eats a goblin corpse.
 You hear the footsteps of a guard on patrol.
 The little dog picks up a crude dagger.
 The little dog drops a crude dagger.
 You see here a crude dagger.
 You have a little trouble lifting x - a crude dagger.
 What do you want to wield? [- arx or ?*] x
 x - a crude dagger (weapon in right hand).
 You swap places with your little dog.
 You fall down the stairs.
 The little dog bites the gnome.
 The gnome king picks up a gem.
 The gnome hits!
 The gnome picks up a long sword.
 The little dog bites the gnome.
 The gnome is killed!
 You climb up the stairs.
 You fall down the stairs.
 The gnome king wields a bow!
 The gnome king shoots 3 arrows!
 The 1st arrow hits the little dog.
 The 2nd arrow hits the little dog!
 The 3rd arrow hits the little dog.
 The gnome king picks up a potion.
 The gnome throws a dart!
 You are hit by a dart.
 The gnome throws a dart!
 You are hit by a dart.
 The little dog bites the gnome.
 The gnome king drinks a cyan potion!
 The gnome king rises up, through the ceiling!
 Call a cyan potion: gainlvl
 The little dog bites the gnome.
 The gnome is killed!
 Your little dog grows up into a dog.
 In what direction? 3
 The dart misses the gnome.
 The dog bites the gnome.
 The gnome misses the dog.
 The dog bites the gnome.
 The gnome zaps a hexagonal wand!
 The wand hits the gnome!
 The gnome resists!
 The gnome is killed!
 The gnome hits!
 You die...
 Do you want your possessions identified? [ynq] (y) q

Inventory:
 Coins    ('$')
  $ - 266 gold pieces
 Weapons  (')')
  a - 24 uncursed +2 darts (at the ready)
  r - 15 uncursed +0 darts
  x - an uncursed +0 orcish dagger (weapon in right hand)
 Armor    ('[')
  j - an uncursed +0 Hawaiian shirt with a sailboat motif (being worn)
 Comestibles  ('%')
  b - 3 uncursed slime molds
  f - an uncursed clove of garlic
  d - 3 uncursed food rations
  w - an uncursed lembas wafer
  g - an uncursed pancake
  c - 4 uncursed tripe rations
  m - 2 uncursed lichen corpses
 Scrolls  ('?')
  n - an uncursed scroll of destroy armor
  i - 4 uncursed scrolls of magic mapping
 Spellbooks  ('+')
  o - an uncursed spellbook of chain lightning
 Potions  ('!')
  h - 2 uncursed potions of extra healing
  v - an uncursed potion of levitation
  u - an uncursed potion of speed
 Tools    ('(')
  l - an uncursed credit card
  k - an uncursed expensive camera (0:45)
  t - an uncursed skeleton key
 Gems/Stones  ('*')
  p - an uncursed garnet stone
  q - a cursed loadstone

Jinnora the Tourist's attributes:

Background:
 You were a Rambler, a level 1 female human Tourist.
 You were neutral, on a mission for The Lady
 who was opposed by Blind Io (lawful) and Offler (chaotic).
 You were right-handed.
 You were in the Gnomish Mines, on level 3.
 You entered the dungeon 980 turns ago.
 It was nighttime.
 You had 13 experience points, 7 more were needed to attain level 2.

Basics:
 You had 0 out of 10 hit points.
 You had both energy points (spell power).
 Your armor class was 10.
 Your wallet contained 266 zorkmids.
 Autopickup was off.

Final Characteristics:
 Your strength was 7 (limit:18/100).
 Your dexterity was 11 (limit:18).
 Your constitution was 18 (limit:18).
 Your intelligence was 14 (limit:18).
 Your wisdom was 8 (limit:18).
 Your charisma was 17 (limit:18).

Final Status:
 You weren't hungry.
 You were burdened; movement was slightly slowed.
 You were wielding a dagger.
 You were unskilled in dagger.

Final Attributes:
 You were nominally aligned.
 You are dead.

Miscellaneous:
 You didn't encounter any bones levels.
 Total elapsed playing time was 4 minutes and 11 seconds.

Major events:
 Turn
    1: Jinnora the neutral female human Tourist entered the dungeon
  869: entered the Gnomish Mines
  980: killed by a gnome

You didn't know any spells.

Skills:
 Fighting Skills
   bare handed combat [Unskilled]
   two weapon combat  [Unskilled]
   riding             [Unskilled]
 Weapon Skills
   dagger             [Unskilled]
   knife              [Unskilled]
   axe                [Unskilled]
   pick-axe           [Unskilled]
   short sword        [Unskilled]
   broadsword         [Unskilled]
   long sword         [Unskilled]
   two-handed sword   [Unskilled]
   saber              [Unskilled]
   mace               [Unskilled]
   morning star       [Unskilled]
   flail              [Unskilled]
   hammer             [Unskilled]
   quarterstaff       [Unskilled]
   polearms           [Unskilled]
   spear              [Unskilled]
   trident            [Unskilled]
   lance              [Unskilled]
   bow                [Unskilled]
   sling              [Unskilled]
   crossbow           [Unskilled]
   dart               [Basic]
   shuriken           [Unskilled]
   boomerang          [Unskilled]
   whip               [Unskilled]
   unicorn horn       [Unskilled]
 Spellcasting Skills
   divination spells  [Unskilled]
   enchantment spells [Unskilled]
   escape spells      [Unskilled]

Voluntary challenges:
 Character rerolling was not enabled.
 You were an atheist.
 You never hit with a wielded weapon.
 You were illiterate.
 You never genocided any monsters.
 You never polymorphed an object.
 You never changed form.
 You used no wishes.
Achievement:
 You entered the Gnomish Mines.

 The Dungeons of Doom: levels 1 to 3
    Level 1:
    Level 2:
       A fountain.
       Stairs down to The Gnomish Mines.
    Level 3:
 The Gnomish Mines:
    Level 3: <- You were here.
       Final resting place for
          you, killed by a gnome.


Vanquished creatures:
  3 gnomes
  2 jackals
  a fox
  a kobold
  2 goblins
  2 sewer rats
  a grid bug
  3 lichens
  4 newts
19 creatures vanquished.

No species were genocided or became extinct.

Game over:
                       ----------
                      /          \
                     /    REST    \
                    /      IN      \
                   /     PEACE      \
                  /                  \
                  |     Jinnora      |
                  |      266 Au      |
                  |   killed by a    |
                  |      gnome       |
                  |                  |
                  |                  |
                  |       2026       |
                 *|     *  *  *      | *
        _________)/\\_//(\/(/\)/\//\/|_)_______

Aloha Jinnora the Tourist...

You died in The Gnomish Mines on dungeon level 3 with 163 points,
and 266 pieces of gold, after 980 moves.
You were level 1 with a maximum of 10 hit points when you died.

